3AAA
HOUSTON BC @ WILMINGTON BAY HAWKS
08/29/2023
 
TOP OF THE 1ST
Houston BC batting - Pitching for Wilmington Bay Hawks : RHP Drake Riley
Pitching: RHP Drake Riley
Batting: RHB Habbo Allaart 0-0: SINGLE (Line Drive, 89M)
Batting: RHB Jorge Quezada 0-0: Ball
1-0: Swinging Strike
1-1: Called Strike
1-2: Strikes out looking
Batting: LHB Phil Ritchie 0-0: Called Strike
Habbo Allaart is caught stealing 2nd base
0-1: TRIPLE (Line Drive, 89S)
Batting: LHB Count Dante 0-0: Ball
1-0: Reached on error, E4 (Groundball, 4)
Phil Ritchie scores
Batting: RHB Joaquín Parra 0-0: Ball
1-0: Ground out 5-3 (Groundball, 56)
Top of the 1st over - 1 run(s), 2 hit(s), 1 error(s), 1 left on base; Houston 1 - Wilmington 0
BOTTOM OF THE 1ST
Wilmington Bay Hawks batting - Pitching for Houston BC : LHP Ismael Padilla
Pitching: LHP Ismael Padilla
Batting: RHB José Ramos 0-0: Called Strike
0-1: Ball
1-1: Swinging Strike
1-2: Strikes out looking
Batting: RHB Daniel Cooper 0-0: Ball
1-0: Foul Ball, location: 2F
1-1: Foul Ball, location: 2F
1-2: Fly out, F9 (Flyball, 9S)
Batting: LHB Steve Grimes 0-0: Called Strike
0-1: Fly out, F5 (Popup, 56S)
Bottom of the 1st over - 0 run(s), 0 hit(s), 0 error(s), 0 left on base; Houston 1 - Wilmington 0
TOP OF THE 2ND
Houston BC batting - Pitching for Wilmington Bay Hawks : RHP Drake Riley
Batting: LHB James Murray 0-0: Called Strike
0-1: Ball
1-1: Called Strike
1-2: Foul Ball, location: 2F
1-2: Foul Ball, location: 2F
1-2: SINGLE (Line Drive, 6M)
Batting: RHB Max White 0-0: Called Strike
0-1: Ball
1-1: Grounds into double play, 6-4-3 (Groundball, 6)
Batting: RHB Joseph Gray 0-0: Swinging Strike
0-1: Swinging Strike
0-2: Ball
1-2: Foul Ball, location: 2F
1-2: Foul Ball, location: 2F
1-2: Ball
2-2: Strikes out swinging
Top of the 2nd over - 0 run(s), 1 hit(s), 0 error(s), 0 left on base; Houston 1 - Wilmington 0
BOTTOM OF THE 2ND
Wilmington Bay Hawks batting - Pitching for Houston BC : LHP Ismael Padilla
Batting: RHB Phil Terry 0-0: Ball
1-0: Swinging Strike
1-1: Fly out, F5 (Popup, 5SF)
Batting: RHB Bob McNeil 0-0: Ball
1-0: Ball
2-0: Called Strike
2-1: Foul Ball, location: 2F
2-2: Reached on error, E6 (Groundball, 6)
Batting: RHB Miguel Angel González 0-0: Called Strike
0-1: Ball
1-1: Swinging Strike
1-2: Fly out, F7 (Line Drive, 7M)
Batting: RHB Pedro Clemente 0-0: Ball
1-0: Called Strike
1-1: Ball
2-1: Swinging Strike
2-2: Strikes out looking
Bottom of the 2nd over - 0 run(s), 0 hit(s), 1 error(s), 1 left on base; Houston 1 - Wilmington 0
TOP OF THE 3RD
Houston BC batting - Pitching for Wilmington Bay Hawks : RHP Drake Riley
Batting: LHB Jon MacIntyre 0-0: Ball
1-0: Called Strike
1-1: Ball
2-1: Ball
3-1: Base on Balls
Batting: RHB Habbo Allaart 0-0: Ball
1-0: SINGLE (Line Drive, 4MD)
Jon MacIntyre to second
Batting: RHB Jorge Quezada 0-0: Ball
1-0: Ball
2-0: Called Strike
2-1: Swinging Strike
2-2: Strikes out swinging
Batting: LHB Phil Ritchie 0-0: Foul Ball, location: 2F
0-1: Ball
1-1: Ball
2-1: Ball
3-1: Foul Ball, location: 2F
3-2: Grounds into double play, 4-6-3 (Groundball, 4)
Top of the 3rd over - 0 run(s), 1 hit(s), 0 error(s), 1 left on base; Houston 1 - Wilmington 0
BOTTOM OF THE 3RD
Wilmington Bay Hawks batting - Pitching for Houston BC : LHP Ismael Padilla
Batting: RHB Broderick Terry 0-0: Called Strike
0-1: SINGLE (Line Drive, 56D)
Batting: LHB Phil Parkinson 0-0: Fly out, F6 (Popup, 6MS)
Batting: RHB José Ramos 0-0: Called Strike
0-1: Ball
1-1: Foul Ball, location: 2F
1-2: Strikes out swinging
Batting: RHB Daniel Cooper 0-0: SINGLE (Groundball, 6M)
Broderick Terry to second
Batting: LHB Steve Grimes 0-0: Ball
1-0: Ball
2-0: Foul Ball, location: 2F
2-1: Ball
3-1: Base on Balls
Broderick Terry to third
Daniel Cooper to second
Batting: RHB Phil Terry 0-0: Called Strike
0-1: Swinging Strike
0-2: Ball
1-2: Fly out, F7 (Line Drive, 7M)
Bottom of the 3rd over - 0 run(s), 2 hit(s), 0 error(s), 3 left on base; Houston 1 - Wilmington 0
TOP OF THE 4TH
Houston BC batting - Pitching for Wilmington Bay Hawks : RHP Drake Riley
Batting: LHB Count Dante 0-0: Ball
1-0: Foul Ball, location: 2F
1-1: Foul Ball, location: 2F
1-2: Foul Ball, location: 2F
1-2: Ball
2-2: Strikes out looking
Batting: RHB Joaquín Parra 0-0: Ball
1-0: Ball
2-0: Foul Ball, location: 2F
2-1: Foul Ball, location: 2F
2-2: Foul Ball, location: 2F
2-2: SINGLE (Flyball, 89S)
Batting: LHB James Murray 0-0: Called Strike
0-1: Ball
1-1: Swinging Strike
1-2: Foul Ball, location: 2F
1-2: Foul Ball, location: 2F
1-2: Foul Ball, location: 2F
1-2: Foul Ball, location: 2F
1-2: Strikes out looking
Batting: RHB Max White 0-0: Ball
1-0: Ball
2-0: Ball
3-0: Base on Balls
Joaquín Parra to second
Batting: RHB Joseph Gray 0-0: Ball
1-0: Swinging Strike
1-1: Foul Ball, location: 2F
1-2: Fly out, F8 (Flyball, 89M)
Top of the 4th over - 0 run(s), 1 hit(s), 0 error(s), 2 left on base; Houston 1 - Wilmington 0
BOTTOM OF THE 4TH
Wilmington Bay Hawks batting - Pitching for Houston BC : LHP Ismael Padilla
Batting: RHB Bob McNeil 0-0: Called Strike
0-1: Ball
1-1: Called Strike
1-2: Strikes out swinging
Batting: RHB Miguel Angel González 0-0: Ball
1-0: Called Strike
1-1: Ball
2-1: Foul Ball, location: 2F
2-2: Ball
3-2: Ground out 4-3 (Groundball, 34)
Batting: RHB Pedro Clemente 0-0: Called Strike
0-1: Foul Ball, location: 2F
0-2: Ball
1-2: Ball
2-2: Fly out, F8 (Flyball, 78M)
Bottom of the 4th over - 0 run(s), 0 hit(s), 0 error(s), 0 left on base; Houston 1 - Wilmington 0
TOP OF THE 5TH
Houston BC batting - Pitching for Wilmington Bay Hawks : RHP Drake Riley
Batting: LHB Jon MacIntyre 0-0: Ball
1-0: Called Strike
1-1: Ball
2-1: SINGLE (Line Drive, 89S)
Batting: RHB Habbo Allaart 0-0: Sac Bunt - play at first, batter OUT! 1-4
Jon MacIntyre to second
Batting: RHB Jorge Quezada 0-0: Ball
1-0: Foul Ball, location: 2F
1-1: Ball
2-1: Ground out 6-3 (Groundball, 6)
Batting: LHB Phil Ritchie 0-0: Called Strike
0-1: Swinging Strike
0-2: Ground out 4-3 (Groundball, 4)
Top of the 5th over - 0 run(s), 1 hit(s), 0 error(s), 1 left on base; Houston 1 - Wilmington 0
BOTTOM OF THE 5TH
Wilmington Bay Hawks batting - Pitching for Houston BC : LHP Ismael Padilla
Batting: RHB Broderick Terry 0-0: Ground out 5-3 (Groundball, 56)
Batting: LHB Phil Parkinson 0-0: Ball
1-0: Ball
2-0: Foul Ball, location: 2F
2-1: Fly out, F8 (Flyball, 89M)
Batting: RHB José Ramos 0-0: Ball
1-0: Foul Ball, location: 2F
1-1: Ball
2-1: Ball
3-1: Base on Balls
Batting: RHB Daniel Cooper 0-0: Ball
1-0: Swinging Strike
1-1: Ball
2-1: Ball
3-1: Base on Balls
José Ramos to second
Batting: LHB Steve Grimes 0-0: Called Strike
0-1: Ball
1-1: Foul Ball, location: 2F
1-2: Foul Ball, location: 2F
1-2: Ball
2-2: Foul Ball, location: 2F
2-2: Fielders Choice at 2nd, 6-4 (Groundball, 6)
Bottom of the 5th over - 0 run(s), 0 hit(s), 0 error(s), 1 left on base; Houston 1 - Wilmington 0
TOP OF THE 6TH
Houston BC batting - Pitching for Wilmington Bay Hawks : RHP Drake Riley
Batting: LHB Count Dante 0-0: Swinging Strike
0-1: Foul Ball, location: 2F
0-2: Strikes out swinging
Batting: RHB Joaquín Parra 0-0: Ball
1-0: Ball
2-0: Swinging Strike
2-1: Foul Ball, location: 2F
2-2: Foul Ball, location: 2F
2-2: Ground out 4-3 (Groundball, 4)
Batting: LHB James Murray 0-0: Foul Ball, location: 2F
0-1: Swinging Strike
0-2: Strikes out swinging
Top of the 6th over - 0 run(s), 0 hit(s), 0 error(s), 0 left on base; Houston 1 - Wilmington 0
BOTTOM OF THE 6TH
Wilmington Bay Hawks batting - Pitching for Houston BC : LHP Ismael Padilla
Batting: RHB Phil Terry 0-0: Called Strike
0-1: Ball
1-1: Ball
2-1: SINGLE (Line Drive, 4)
Batting: RHB Bob McNeil 0-0: Ball
1-0: Called Strike
1-1: Fly out, F4 (Popup, 4D)
Batting: RHB Miguel Angel González 0-0: Fly out, F8 (Flyball, 8RM)
Batting: RHB Pedro Clemente 0-0: Ball
Phil Terry steals 2nd base
1-0: Called Strike
1-1: Foul Ball, location: 2F
1-2: Ball
2-2: Ball
3-2: Foul Ball, location: 2F
3-2: Strikes out looking
Bottom of the 6th over - 0 run(s), 1 hit(s), 0 error(s), 1 left on base; Houston 1 - Wilmington 0
TOP OF THE 7TH
Houston BC batting - Pitching for Wilmington Bay Hawks : RHP Drake Riley
Batting: RHB Max White 0-0: Ball
1-0: Called Strike
1-1: Ball
2-1: SINGLE (Groundball, 56D)
Pitching: LHP Ryan McCall
Batting: RHB Joseph Gray 0-0: Ball
1-0: Sac Bunt - play at first, batter OUT! 1-4
Max White to second
Pinch Hitting: RHB Alex Maxwell 0-0: Intentional Walk
Pinch Hitting: RHB Micah Miller 0-0: Called Strike
0-1: Ball
1-1: Foul Ball, location: 2F
1-2: Fly out, F7 (Flyball, 7D)
Runner from 2nd tags up, SAFE at 3rd, no throw
Batting: RHB Jorge Quezada 0-0: Ball
1-0: Ball
2-0: Foul Ball, location: 2F
2-1: Foul Ball, location: 2F
2-2: Strikes out swinging
Top of the 7th over - 0 run(s), 1 hit(s), 0 error(s), 2 left on base; Houston 1 - Wilmington 0
BOTTOM OF THE 7TH
Wilmington Bay Hawks batting - Pitching for Houston BC : LHP Ismael Padilla
Now at 1B: António Rivera
Now in LF: Alex Maxwell
Batting: RHB Broderick Terry 0-0: Called Strike
0-1: Ball
1-1: Foul Ball, location: 2F
1-2: Ball
2-2: SOLO HOME RUN (Line Drive, 7D), Distance : 389 ft
Pitching: LHP Loren Beckham
Batting: LHB Phil Parkinson 0-0: Ball
1-0: SINGLE (Groundball, 15S) (infield hit)
Batting: RHB José Ramos 0-0: Sac Bunt - play at first, batter OUT! 2-4
Phil Parkinson to second
Pinch Hitting: RHB Jim Unknown 0-0: Ball
Phil Parkinson steals 3rd base
1-0: SINGLE (Groundball, 56D)
Phil Parkinson scores
Batting: LHB Steve Grimes 0-0: Ball
Throwing error on steal attempt, E2
Jim Unknown to third
1-0: Foul Ball, location: 2F
1-1: Called Strike
1-2: Fly out, F8 (Flyball, 8RM)
Runner from 3rd tags up, SCORES, no throw
Batting: RHB Phil Terry 0-0: Fly out, F7 (Popup, 78S)
Bottom of the 7th over - 3 run(s), 3 hit(s), 1 error(s), 0 left on base; Houston 1 - Wilmington 3
TOP OF THE 8TH
Houston BC batting - Pitching for Wilmington Bay Hawks : LHP Ryan McCall
Now in CF: Jim Unknown
Batting: LHB Phil Ritchie 0-0: Ball
1-0: Swinging Strike
1-1: Ball
2-1: Swinging Strike
2-2: Ball
3-2: Foul Ball, location: 2F
3-2: Strikes out swinging
Batting: LHB Count Dante 0-0: Called Strike
0-1: Ball
1-1: Ball
2-1: Foul Ball, location: 2F
2-2: Strikes out swinging
Batting: RHB Joaquín Parra 0-0: Foul Ball, location: 2F
0-1: Foul Ball, location: 2F
0-2: Strikes out swinging
Top of the 8th over - 0 run(s), 0 hit(s), 0 error(s), 0 left on base; Houston 1 - Wilmington 3
BOTTOM OF THE 8TH
Wilmington Bay Hawks batting - Pitching for Houston BC : LHP Loren Beckham
Batting: RHB Bob McNeil 0-0: Ball
1-0: Called Strike
1-1: Called Strike
1-2: Ball
2-2: SINGLE (Flyball, 15)
Batting: RHB Miguel Angel González 0-0: Sac Bunt - play at first, batter OUT! 5-3
Bob McNeil to second
Batting: RHB Pedro Clemente 0-0: Foul Ball, location: 2F
0-1: Called Strike
0-2: Strikes out swinging
Batting: RHB Broderick Terry 0-0: Ball
1-0: Ball
2-0: Foul Ball, location: 2F
2-1: Called Strike
2-2: Ball
3-2: Fly out, F4 (Popup, 4D)
Bottom of the 8th over - 0 run(s), 1 hit(s), 0 error(s), 1 left on base; Houston 1 - Wilmington 3
TOP OF THE 9TH
Houston BC batting - Pitching for Wilmington Bay Hawks : LHP Ryan McCall
Pitching: RHP Jen-djieh Si
Batting: LHB James Murray 0-0: SINGLE (Flyball, 5L)
Batting: RHB Max White 0-0: Foul Ball, location: 2F
0-1: Ball
1-1: Fly out, F4 (Popup, 4D)
Batting: RHB Joseph Gray 0-0: Ball
1-0: Called Strike
1-1: Called Strike
1-2: Ball
2-2: Strikes out swinging
Batting: RHB Alex Maxwell 0-0: Called Strike
0-1: Ball
1-1: SINGLE (Line Drive, 89S)
James Murray to second
Batting: LHB António Rivera 0-0: Called Strike
0-1: Ball
1-1: Ball
2-1: Foul Ball, location: 2F
2-2: Ball
3-2: Base on Balls
James Murray to third
Alex Maxwell to second
Batting: RHB Jorge Quezada 0-0: Ball
1-0: Ball
2-0: Foul Ball, location: 2F
2-1: Ball
3-1: Fly out, F8 (Flyball, 8LM)
Top of the 9th over - 0 run(s), 2 hit(s), 0 error(s), 3 left on base; Houston 1 - Wilmington 3
This league is powered by Out of the Park Baseball, the baseball management simulation game for PC, Mac and Linux
Friday, July 8th, 2016 - OOTP Baseball 16.9 Build 39